 Dungeon Crawl Stone Soup version 0.28.0 (webtiles) character file.

Game seed: 9906017712448103898

111549 GrayStillPlays the Thaumaturge (level 16, -8/84 HPs)
             Began as a Vine Stalker Fighter on Feb 8, 2022.
             Was a High Priest of the Shining One.
             Mangled by a spark wasp (14 damage)
             ... on level 1 of the Spider Nest.
             The game lasted 03:24:24 (31003 turns).

GrayStillPlays the Thaumaturge (VSFi)              Turns: 31003, Time: 03:24:25

Health: -8/84      AC: 18    Str: 21    XL:     16   Next: 58%
Magic:  0/41       EV: 15    Int: 14    God:    the Shining One [*****.]
Gold:   2584       SH:  5    Dex: 14    Spells: 19/37 levels left

rFire   . . .      SeeInvis .   u - +7 dagger of Irritation {freeze, rC+, short}
rCold   + . .      Faith    .   I - +0 buckler
rNeg    + + .      Spirit   +   k - +0 acid dragon scales
rPois   +          Reflect  .   U - +2 hat
rElec   .          Harm     .   K - +2 cloak
rCorr   +          Rampage  .   F - +1 pair of gloves
Will    ++...                   o - +2 pair of boots
Stlth   +.........              J - amulet of magic regeneration {@e2}
HPRegen 1.04/turn               Z - ring of poison resistance
MPRegen 0.67/turn               s - ring of magical power

@: glowing, studying Stealth
A: fangs 3, regeneration 1, magic shield, antimagic bite, no potion heal 2
a: Renounce Religion, Divine Shield, Cleansing Flame, Summon Divine Warrior


You were on level 1 of the Spider Nest.
You worshipped the Shining One.
The Shining One was extremely pleased with you.
You visited 5 branches of the dungeon, and saw 25 of its levels.
You also visited: Sewer and Gauntlet.

You collected 3056 gold pieces.
You spent 472 gold pieces at shops.


Innate Abilities, Weirdness & Mutations

You have razor-sharp teeth.
Your natural rate of healing is unusually fast.
When hurt, damage is shared between your health and your magic reserves.
Your bite disrupts and absorbs the magic of your enemies.
Potions cannot restore your health.


   Skills:
 - Level 9.7 Fighting
 - Level 1.7 Short Blades
 - Level 7.1 Armour
 - Level 8.7 Dodging
 - Level 4.6 Shields
 - Level 11.0 Spellcasting
 - Level 8.5 Conjurations
 - Level 6.3 Translocations
 + Level 6.7 Transmutations
 + Level 6.4 Ice Magic
 - Level 10.5 Air Magic
 - Level 10.7 Invocations
 + Level 7.6 Evocations


You had 19 spell levels left.
You knew the following spells:

 Your Spells              Type           Power      Damage    Failure   Level
a - Iskenderun's Mystic   Conj/Tloc      28%        2d7       7%          4
b - Ozocubu's Armour      Ice            25%        N/A       3%          3
c - Lightning Bolt        Conj/Air       17%        1d31      9%          5
d - Wereblood             Tmut           26%        N/A       1%          2
e - Summon Lightning Spi  Summ/Air       22%        N/A       17%         4

Your spell library contained the following spells:

 Spells                   Type           Power      Damage    Failure   Level
 Freeze                   Ice            100%       1d11      1%          1
 Airstrike                Air            18%        N/A       1%          4
 Frozen Ramparts          Ice            50%        1d7       3%          3
 Gell's Gravitas          Tloc           25%        N/A       3%          3
 Lesser Beckoning         Tloc           25%        N/A       3%          3
 Teleport Other           Tloc           25%        N/A       3%          3
 Hailstorm                Conj/Ice       28%        3d8       7%          4
 Dazzling Flash           Conj/Hex       38%        N/A       8%          3
 Stone Arrow              Conj/Erth      38%        3d9       8%          3
 Portal Projectile        Hex/Tloc       32%        N/A       12%         3
 Pain                     Necr           28%        1d5       16%         1
 Slow                     Hex            28%        N/A       16%         1
 Irradiate                Conj/Tmut      14%        3d18      19%         5
 Sublimation of Blood     Necr           7%         N/A       22%         2
 Sticky Flame             Conj/Fire      19%        2d4       26%         4
 Petrify                  Tmut/Erth      17%        N/A       36%         4
 Summon Ice Beast         Ice/Summ       16%        N/A       38%         4
 Confusing Touch          Hex            7%         N/A       41%         3
 Vampiric Draining        Necr           7%         2d6       41%         3
 Animate Armour           Summ/Erth      14%        N/A       83%         4
 Olgreb's Toxic Radiance  Pois           7%         N/A       83%         4
 Agony                    Necr           7%         N/A       99%         5
 Excruciating Wounds      Necr           3%         N/A       99%         5
 Summon Mana Viper        Hex/Summ       7%         N/A       99%         5
 Starburst                Conj/Fire      9%         6d5       99%         6
 Summon Cactus Giant      Summ           3%         N/A       100%        6
 Monstrous Menagerie      Summ           3%         N/A       100%        7
 Ozocubu's Refrigeration  Ice            12%        4d7       100%        7
 Spellforged Servitor     Conj/Summ      9%         N/A       100%        7
 Summon Hydra             Summ           3%         N/A       100%        7
 Disjunction              Tloc           12%        N/A       100%        8
 Ignition                 Fire           3%         3d4       100%        8
 Lehudib's Crystal Spear  Conj/Erth      9%         10d4      100%        8
 Dragon's Call            Summ           3%         N/A       100%        9
 Polar Vortex             Ice            12%        N/A       100%        9

Inventory:

Hand Weapons
 g - the +12 flail of Grontol {vorpal, rF++ rC-, mace}
   (You took it off a minotaur in a Gauntlet)

   It inflicts extra damage upon your enemies.
   rF:        It greatly protects you from fire.
   rC:        It makes you vulnerable to cold.
 u - the +7 dagger of Irritation (weapon) {freeze, rC+, short}
   (You found it on level 6 of the Dungeon)

   It freezes those it strikes, dealing additional cold damage.
   It can also slow down cold-blooded creatures.
   rC:        It protects you from cold.
 C - a +4 dire flail of protection {mace}
   (You took it off Edmund on level 4 of the Dungeon)
Missiles
 l - 11 throwing nets (quivered) {=f!fthrowing}
 S - 5 atropa-tipped darts {throwing}
Armour
 k - +0 acid dragon scales (worn)
   (You found it on level 8 of the Dungeon)
 o - a +2 pair of boots (worn)
   (You found it on level 6 of the Lair of Beasts)
 F - a +1 pair of gloves (worn)
   (You found it on level 4 of the Dungeon)
 I - a +0 buckler (worn)
 K - a +2 cloak (worn)
   (You found it on level 3 of the Lair of Beasts)
 U - a +2 hat (worn)
   (You took it off Gastronok on level 12 of the Dungeon)
Magical Staves
 b - a staff of air {!astaff}
   (You found it on level 6 of the Dungeon)
Jewellery
 f - a ring of magical power
   (You found it on level 10 of the Dungeon)
 s - a ring of magical power (right hand)
   (You found it in a Gauntlet)
 w - the amulet of Kibleofu {Spirit Fly rElec}
   (You found it in a Gauntlet)

   [amulet of guardian spirit]

   It causes incoming damage to be divided between your reserves of health and
   magic.
   rElec:     It insulates you from electricity.
   Fly:       It grants you flight.
 J - an amulet of magic regeneration (around neck) {@e2}
   (You bought it in a shop on level 6 of the Dungeon)
 X - a ring of flight
   (You found it on level 5 of the Lair of Beasts)
 Z - a ring of poison resistance (left hand)
   (You found it on level 4 of the Lair of Beasts)
Wands
 a - a wand of polymorph (20)
   (You took it off a kobold on level 9 of the Dungeon)
 e - a wand of charming (5)
   (You found it on level 6 of the Dungeon)
 G - a wand of paralysis (5)
   (You found it on level 6 of the Lair of Beasts)
 L - a wand of mindburst (9)
   (You found it on level 6 of the Lair of Beasts)
 M - a wand of acid (10)
   (You found it on level 5 of the Lair of Beasts)
 O - a wand of digging (9)
   (You found it on level 8 of the Dungeon)
 T - a wand of iceblast (20)
   (You found it on level 10 of the Dungeon)
Scrolls
 h - 8 scrolls of teleportation {@r4}
 i - a scroll of holy word
 q - a scroll of summoning
 v - a scroll of brand weapon {unknown}
 x - a scroll of amnesia {unknown}
 B - 5 scrolls of magic mapping {!r}
 N - 7 scrolls of fog
 P - 2 scrolls of silence {!r}
 Y - 3 scrolls of immolation {!r!r}
Potions
 c - 2 potions of magic {unknown}
 d - a potion of experience {unknown}
 m - 5 potions of haste {@q3}
 n - 2 potions of berserk rage {unknown}
 p - 2 potions of invisibility
 r - 3 potions of flight
 t - a potion of mutation {unknown}
 D - 2 potions of might
 E - a potion of degeneration {unknown}
 H - 2 potions of curing {@q1}
 Q - 2 potions of cancellation {unknown}
 R - 4 potions of lignification {!q}
 W - 4 potions of attraction {unknown}
Miscellaneous
 j - a piece from Xom's chessboard (15/15)
   (You found it on level 15 of the Dungeon)
 y - a box of beasts
   (You found it on level 10 of the Dungeon)
 z - a condenser vane {forbidden}
   (You found it in a Gauntlet)
 A - a tin of tremorstones (inert) {throwing}
   (You found it on level 13 of the Dungeon)

Dungeon Overview and Level Annotations

Branches:
Dungeon (15/15)            Temple (1/1) D:6            Lair (6/6) D:11
 Shoals (0/4) Lair:4       Spider (1/4) Lair:4        Slime (0/5) Lair:6
    Orc (2/2) D:10            Elf (0/3) Orc:2        Vaults (0/5) D:14
 Depths (0/4) D:15          Sewer (visited)         Gauntlet (visited)

Altars:
Dithmenos
Fedhas
Kikubaaqudgha
Makhleb
Nemelex Xobeh
Okawaru
Qazlal
Ru
Trog
Vehumet
Xom
The Shining One
Beogh

Shops:
D:6 *   Orc:2 ([=*[

Annotations:
D:6 2 runed translucent doors, exclusion: 2 gnolls
Lair:6 1 runed translucent door

...># ... ##.....
.... #.....###..#
#......^..#
#.......s#
#..#...##
##.......#
#...yA.###
#...@....#
#........#
#........#
##.....### ....#
##.....# ####
..... #.....##
##..##.....
#.....#
##.........
#....####........
##...#.#.......#.


You could see a spark wasp (ally target), a redback and a friendly daeva
(summoned).


Message History

😮 HP[+2]
You regained 2 hp, and now have 61/84 hp. 😮 HP[+1] 😮 HP[+1] 😕 HP[+1] 😕 HP[+1] 😕 HP[+1] 😕 HP[+1] 😕 HP[+1] 😕 HP[+1] 😕 HP[+1] 😕 HP[+1] 😕 HP[+1] 😕 HP[+1] 😕 HP[+1] 😕 HP[+1] 😕 HP[+1] 😕 HP[+1] 😕 HP[+1] 😕 HP[+1] 😕 HP[+1] 😕 HP[+1] 😕 HP[+1] 😕 HP[+1] 😎 HP[+1]
Your hp is fully restored (84).
You pick up a book of Alchemy and begin reading...
You add the spells Petrify and Irradiate to your library.
Okay, then.
You now have 2584 gold pieces (gained 19).
B - 5 scrolls of magic mapping {!r} (gained 1)
A spark wasp comes into view.
Found a stone staircase leading down.
The spark wasp buzzes angrily.
You hear an angry hiss.
You hit the spark wasp. You freeze the spark wasp.
A culicivora comes into view.
The spark wasp stings you!
The spark wasp shocks you! 😕 HP[-18] MP[-7]
You take 18 damage, and now have 66/84 hp.
MASSIVE DAMAGE!! (PAUSE)
You lost 7 mp, and now have 34/41 mp.
The culicivora hisses angrily.
You hit the spark wasp but do no damage.
You bite the spark wasp!
The spark wasp's magic leaks into the air.
You drain its magic.
You feel invigorated. The spark wasp stings you! The spark wasp shocks you!
The spark wasp stings you! The spark wasp shocks you!
* * * LOW HITPOINT WARNING * * *
😨 HP[-31] MP[-14]
You take 31 damage, and now have 35/84 hp.
MASSIVE DAMAGE!! (PAUSE)
You lost 14 mp, and now have 20/41 mp.
You are momentarily dazzled by a brilliant light.
The spark wasp closely misses you. 😨 HP[+1] MP[-7]
You lost 7 mp, and now have 13/41 mp.
What are your orders? t - Shout!
Orders for allies: a - Attack new target. r - Retreat! s - Stop attacking. g - Guard the area. f - Follow me.
Anything else - Cancel.
Gang up on whom?
Press: ? - help, Dir - move target, f - spark wasp
Aim: a spark wasp (lightly wounded, ally target, magic disrupted, haloed) Attack!
The spark wasp stings you but does no damage.
A redback comes into view.
The spark wasp stings you!
* * * LOW HITPOINT WARNING * * *
The spark wasp shocks you!
* * * LOW HITPOINT WARNING * * *
Your daeva calls down the wrath of the Shining One upon the spark wasp.
The spark wasp is smitten. 😱 HP[-21] MP[-8]
You take 21 damage, and now have 15/84 hp.
MASSIVE DAMAGE!! (PAUSE)
You lost 8 mp, and now have 5/41 mp.
You swap places.
The culicivora bites your daeva!!
The culicivora barely misses your daeva.
Your daeva hits the culicivora with a +2 eudemon blade of holy wrath!! x2
The culicivora dies!
The Shining One accepts your kill.
The Shining One blesses your daeva with more time in this world. 😱 HP[+1] MP[+1]
Casting: Iskenderun's Mystic Blast (dangerous; 7% risk of failure)
Confirm with . or Enter, or press ? or * to list all spells.
Really blast near your ally the daeva?
This attack would place you under penance!
Okay, then.
You hit the spark wasp but do no damage.
You block the spark wasp's attack. 😱 HP[+1] MP[+1]
You hit the spark wasp. You freeze the spark wasp.
You bite the spark wasp, but do no damage.
The spark wasp's magic is no longer disrupted.
The spark wasp stings you!
* * * LOW HITPOINT WARNING * * *
The spark wasp shocks you!
You die...

Skill      XL: |  1  2  3  4  5  6  7  8  9 10 11 12 13 14 15 16 |
---------------+-------------------------------------------------+-----
Spellcasting   | 1 2 3 4 5 7 9 11 | 11.0
Shields        | 3 4 |  4.6
Fighting       | 3 4 6 7 8 9 |  9.7
Armour         | 3 4 5 6 7 |  7.1
Air Magic      | 3 6 8 10 | 10.5
Invocations    | 3 6 8 9 10 | 10.7
Dodging        | 3 5 6 7 8 |  8.7
Conjurations   | 1 5 7 8 |  8.5
Evocations     | 3 5 7 |  7.6
Ice Magic      | 5 6 |  6.4
Translocations | 4 6 |  6.3
Transmutations | 2 6 |  6.7
Short Blades   | |  1.7

Action                   |  1- 3 |  4- 6 |  7- 9 | 10-12 | 13-15 | 16-18 || total
-------------------------+-------+-------+-------+-------+-------+-------++-------
Melee: Rapier            |    93 |   166 |       |       |       |       ||   259
       Bite              |    18 |    54 |    89 |   333 |   772 |    88 ||  1354
       Dagger            |       |    68 |    21 |   675 |   601 |    28 ||  1393
       Dire flail        |       |       |   291 |    99 |   772 |       ||  1162
       Punch             |       |       |       |    17 |       |       ||    17
       Flail             |       |       |       |       |   186 |   135 ||   321
Throw: Stone             |    14 |     7 |    18 |       |       |       ||    39
       Dart              |       |     5 |    32 |    64 |    44 |       ||   145
 Cast: Ozocubu's Armour  |       |       |       |       |     2 |       ||     2
       Lightning Bolt    |       |       |       |       |    10 |     1 ||    11
       Iskenderun's Myst |       |       |       |       |     1 |     1 ||     2
Invok: Divine Shield     |       |       |       |     4 |    12 |     1 ||    17
       Cleansing Flame   |       |       |       |       |     7 |     1 ||     8
       Summon Divine War |       |       |       |       |     7 |     3 ||    10
Evoke: Wand              |       |       |     8 |     5 |     7 |     1 ||    21
       Box of beasts     |       |       |       |     1 |     2 |       ||     3
       Tin of tremorston |       |       |       |       |       |     3 ||     3
  Use: Potion            |       |     1 |       |     1 |     4 |     1 ||     7
       Scroll            |       |     1 |     4 |     2 |    24 |     3 ||    34
Armor: Scale mail        |    49 |   100 |   215 |       |     3 |       ||   367
       Acid dragon scale |       |       |       |   220 |    34 |    29 ||   283
       Swamp dragon scal |       |       |       |       |   892 |    15 ||   907
       Ring mail         |       |       |       |       |       |    48 ||    48
Dodge: Dodged            |    52 |    94 |   173 |   469 |  1285 |   131 ||  2204
Block: Buckler           |    24 |    56 |     6 |       |   234 |    49 ||   369
       Other             |       |       |       |    19 |    86 |       ||   105

Levels and vault maps discovered:
D:1:      tarquinn_simple_flora_water_a, layout_basic, basic_ecumenical_altar,
          chequers_serial_rivers_room_b
D:2:      layout_basic, uniq_crazy_yiuf_cottage
D:3:      layout_basic, okawaru_trees_2, gup_sewer_entry_spiral,
          minmay_misc_feat_secret_circle
D:4:      layout_cave_pools, uniq_duvessa, uniq_edmund
D:5:      layout_basic, lemuel_tele_altar
D:6:      layout_cave_pools, minmay_temple_entry_glass, serial_gnoll_camp,
          gnoll_camp_mini_doghouse, gnoll_camp_mini_hut, gnoll_camp_mini_hut,
          gnoll_camp_medium_02, gnoll_camp_mini_shop, gnoll_camp_huts_moat,
          minmay_hollow_rounded_squares, uniq_maggie, uniq_sigmund
D:7:      layout_loops_ring
D:8:      layout_loops_ring, grunt_ministairs_10, dk_rats_in_the_wall
D:9:      layout_basic
D:10:     minmay_chambers_of_sixes, layout_basic, hiddenorc2_lemuel
D:11:     layout_gridville, lair_entry_dummy, hangedman_incinerator, uniq_fannar
D:12:     layout_long_grid, uniq_psyche, uniq_gastronok, uniq_jorgrun
D:13:     layout_small_grid, gauntlet_entry_generic,
          nemelex_diamond_rough_becter, uniq_erolcha
D:14:     layout_loops_ring, david_vaults_2, kennysheep_big_empty_room
D:15:     gammafunk_depths_entry_grave, layout_basic,
          ebering_ghost_disaster_area, grunt_decor_fettered,
          minmay_misc_feat_ornament
Temple:   mainiacjoe_temple_cubbyholes
Lair:1:   layout_chaotic_city, eino_small_chamber_without_monster, st_stairs_6
Lair:2:   layout_chaotic_city, grunt_megastairs_1, uniq_harold
Lair:3:   layout_small_grid, serial_bayou_shore_b
Lair:4:   layout_loops_ring, elwin_shoals_entry_stream,
          nicolae_spider_entry_non_spiders, lemuel_old_faithful,
          lemuel_fruit_fields, serial_bayou_shore_a, lemuel_fruit_tree,
          infiniplex_staircase_pool_2
Lair:5:   layout_hall_layers, basic_altar
Lair:6:   wormcave, layout_regular_city, hangedman_lair_caniforms_friends,
          slime_dummy, worms_lemuel
Spider:1: spiders_nest_scorpion_pit, hangedman_spider_mandibles
Orc:1:    layout_diamond_mine
Orc:2:    grunt_orc_gardens, layout_caves, grunt_orc_garden, grunt_orc_garden,
          grunt_orc_garden, grunt_orc_garden, serial_shops,
          nicolae_shop_behind_doors, basic_altar

Notes
Turn   | Place    | Note
-------+----------+-------------------------------------------
     0 | D:1      | GrayStillPlays the Vine Stalker Fighter began the quest for
                  | the Orb.
     0 | D:1      | Reached XP level 1. HP: 11/11 MP: 2/2
     0 | D:1      | magus.rc [v1.9.6]
    61 | D:1      | HP: 2/11 [frozen (3)]
   414 | D:1      | You pick up a book of Spectacle and begin reading...
   414 | D:1      | You add the spells Dazzling Flash, Iskenderun's Mystic
                  | Blast and Starburst to your library.
   431 | D:1      | Reached XP level 2. HP: 14/16 MP: 3/3
   848 | D:1      | Reached skill level 1 in Spellcasting
   889 | D:1      | Found a faded altar of an unknown god.
   893 | D:1      | Reached skill level 3 in Shields
   896 | D:1      | Reached XP level 3. HP: 15/19 MP: 5/5
   974 | D:1      | Reached skill level 3 in Fighting
  1304 | D:2      | You fall into a shaft and drop 1 floor!
  1423 | D:3      | Found an iron altar of Okawaru.
  1630 | D:3      | Gained mutation: Your natural rate of healing is unusually
                  | fast. [Vine Stalker growth]
  1630 | D:3      | Reached XP level 4. HP: 24/24 MP: 7/7
  1739 | D:3      | Found a glowing drain.
  1743 | Sewer    | Entered a sewer
  1818 | Sewer    | Noticed Pargi
  1847 | Sewer    | HP: 6/24 [Pargi (2)]
  1848 | Sewer    | Killed Pargi
  1849 | Sewer    | Reached skill level 3 in Armour
  1849 | Sewer    | Reached skill level 2 in Spellcasting
  1849 | Sewer    | Reached XP level 5. HP: 7/28 MP: 1/9
  2420 | D:4      | Reached XP level 6. HP: 33/33 MP: 10/10
  2581 | D:4      | HP: 7/33 [orc wizard (4)]
  2688 | D:4      | Reached skill level 4 in Fighting
  2755 | D:4      | Reached skill level 4 in Shields
  2755 | D:4      | Reached skill level 3 in Spellcasting
  2846 | D:4      | Noticed Dowan
  2848 | D:4      | Noticed Duvessa
  2943 | D:4      | HP: 8/33 [Duvessa (6)]
  2966 | D:3      | Killed Duvessa
  2967 | D:3      | Reached XP level 7. HP: 15/37 MP: 2/13
  3018 | D:3      | Killed Dowan
  3068 | D:4      | Reached skill level 4 in Armour
  3083 | D:4      | Noticed Edmund
  3109 | D:4      | Killed Edmund
  3110 | D:4      | Reached skill level 4 in Spellcasting
  3354 | D:5      | Entered Level 5 of the Dungeon
  3411 | D:5      | Gained mutation: You have razor-sharp teeth. [Vine Stalker
                  | growth]
  3411 | D:5      | Reached XP level 8. HP: 33/42 MP: 12/15
  3506 | D:5      | Reached skill level 5 in Fighting
  3528 | D:5      | You pick up a book of Pain and begin reading...
  3528 | D:5      | You add the spells Pain, Agony and Excruciating Wounds to
                  | your library.
  3623 | D:5      | You pick up a book of Displacement and begin reading...
  3623 | D:5      | You add the spells Lesser Beckoning, Gell's Gravitas and
                  | Teleport Other to your library.
  3913 | D:5      | Reached skill level 5 in Armour
  3913 | D:5      | Reached skill level 5 in Spellcasting
  4217 | D:5      | Found a bloodstained altar of Trog.
  4513 | D:6      | Reached skill level 6 in Fighting
  4616 | D:6      | Found Yguim's Assorted Antiques.
  4636 | D:6      | Reached XP level 9. HP: 48/48 MP: 18/18
  4709 | D:6      | Bought a dented emerald amulet for 135 gold pieces
  4813 | D:6      | Reached skill level 6 in Spellcasting
  4982 | D:6      | Found a staircase to the Ecumenical Temple.
  4996 | Temple   | Entered the Ecumenical Temple
  5123 | Temple   | Became a worshipper of the Shining One
  5325 | D:6      | Reached skill level 6 in Armour
  5466 | D:6      | Noticed Sigmund
  5486 | D:6      | Killed Sigmund
  5491 | D:6      | Noticed Maggie
  5508 | D:6      | Killed Maggie
  5509 | D:6      | Reached skill level 7 in Fighting
  5509 | D:6      | Reached skill level 7 in Spellcasting
  5680 | D:6      | You pick up a book of Debilitation and begin reading...
  5680 | D:6      | You add the spells Slow, Vampiric Draining and Confusing
                  | Touch to your library.
  5739 | D:6      | Found a large runed translucent door.
  5740 | D:6      | Found a large runed translucent door.
  5754 | D:6      | Found a large runed translucent door.
  5754 | D:6      | Found a large runed translucent door.
  5780 | D:6      | Noticed a cyclops
  5794 | D:6      | HP: 6/50 [cyclops/large rock (15)]
  5991 | D:6      | Reached XP level 10. HP: 18/55 MP: 9/22
  6018 | D:6      | You add the spells Sticky Flame and Spellforged Servitor to
                  | your library.
  6018 | D:6      | Got the Compendium of Confrontation and the Blaze
  6047 | D:6      | Identified the +7 dagger of Irritation {freeze, rC+}
  6117 | D:6      | You add the spells Portal Projectile, Summon Cactus Giant
                  | and Dragon's Call to your library.
  6117 | D:6      | Got Ocauluam's Handbook of Calling and Dislocation
  6222 | D:6      | Reached skill level 1 in Air Magic
  6222 | D:6      | Reached skill level 1 in Invocations
  6517 | D:7      | Reached * piety under the Shining One
  6531 | D:7      | Reached skill level 7 in Armour
  6540 | D:7      | Reached skill level 1 in Dodging
  6953 | D:7      | Reached skill level 2 in Air Magic
  6957 | D:7      | Reached skill level 2 in Invocations
  7134 | D:7      | Reached ** piety under the Shining One
  7413 | D:8      | Reached skill level 2 in Dodging
  7427 | D:8      | Reached skill level 8 in Fighting
  7821 | D:8      | Reached skill level 3 in Air Magic
  7823 | D:8      | Reached skill level 3 in Invocations
  7870 | D:8      | Learned a level 4 spell: Iskenderun's Mystic Blast
  8157 | D:9      | Noticed a two-headed ogre
  8176 | D:8      | Killed a two-headed ogre
  8177 | D:8      | Reached skill level 3 in Dodging
  8177 | D:8      | Reached skill level 1 in Conjurations
  8204 | D:9      | Reached XP level 11. HP: 21/60 MP: 15/23
  8205 | D:8      | HP: 13/60 [poisoned by a hornet]
  8210 | D:8      | HP: 9/60 [poisoned by a hornet]
  8263 | D:8      | Reached skill level 4 in Air Magic
  8268 | D:8      | Reached skill level 2 in Conjurations
  8268 | D:8      | Reached skill level 4 in Invocations
  8327 | D:9      | Noticed a two-headed ogre
  8392 | D:8      | Killed a two-headed ogre
  8485 | D:9      | Reached *** piety under the Shining One
  8544 | D:9      | Reached skill level 3 in Conjurations
  8657 | D:9      | You pick up a book of Storms and begin reading...
  8657 | D:9      | You add the spells Airstrike, Summon Lightning Spire and
                  | Lightning Bolt to your library.
  8683 | D:9      | Reached skill level 4 in Dodging
  9092 | D:10     | Entered Level 10 of the Dungeon
  9115 | D:10     | Reached skill level 5 in Air Magic
  9115 | D:10     | Reached skill level 5 in Invocations
  9421 | D:10     | Reached skill level 4 in Conjurations
  9602 | D:10     | Noticed a two-headed ogre
  9620 | D:10     | Killed a two-headed ogre
  9842 | D:10     | Identified the +0 leather armour of the Other World {rElec
                  | Will+}
  9894 | D:10     | Reached **** piety under the Shining One
  9911 | D:10     | Noticed a cyclops
  9987 | D:10     | Killed a cyclops
  9988 | D:10     | Reached skill level 6 in Air Magic
  9988 | D:10     | Reached skill level 6 in Invocations
 10029 | D:10     | Noticed a centaur warrior
 10037 | D:10     | HP: 15/60 [centaur warrior/arrow (15)]
 10089 | D:11     | Noticed a two-headed ogre
 10100 | D:11     | Killed a two-headed ogre
 10101 | D:11     | Reached skill level 5 in Dodging
 10101 | D:11     | Reached skill level 5 in Conjurations
 10101 | D:11     | Reached XP level 12. HP: 39/65 MP: 24/24
 10120 | D:11     | Noticed a five-headed hydra
 10132 | D:11     | Killed a five-headed hydra
 10277 | D:11     | Noticed Fannar
 10385 | D:11     | Killed Fannar
 10446 | D:11     | Found a staircase to the Lair.
 10659 | D:11     | HP: 15/65 [slime creature (9)]
 10710 | D:11     | Reached skill level 7 in Air Magic
 10710 | D:11     | Reached skill level 7 in Invocations
 10925 | D:11     | Reached skill level 6 in Conjurations
 11131 | Lair:1   | Entered Level 1 of the Lair of Beasts
 11273 | Lair:1   | Reached skill level 6 in Dodging
 12332 | Lair:2   | Reached skill level 7 in Conjurations
 12383 | Lair:2   | Reached skill level 8 in Invocations
 12559 | Lair:2   | Reached skill level 8 in Air Magic
 12578 | Lair:2   | Reached XP level 13. HP: 54/69 MP: 25/25
 12952 | Lair:2   | Reached skill level 7 in Dodging
 13009 | Lair:2   | Noticed Harold
 13155 | Lair:1   | Identified a scroll of acquirement
 13159 | Lair:1   | Acquired the Incunabulum of the Frostbite
 13160 | Lair:1   | You add the spells Freeze, Ozocubu's Armour, Hailstorm,
                  | Summon Ice Beast and Polar Vortex to your library.
 13165 | Lair:1   | Learned a level 3 spell: Ozocubu's Armour
 13394 | Lair:2   | Reached skill level 1 in Evocations
 13501 | Lair:2   | Identified the +1 scale mail "Enazisch" {rF+ Slay+3}
 13671 | Lair:2   | Killed Harold
 13672 | Lair:2   | Reached skill level 1 in Ice Magic
 13919 | Lair:3   | Reached skill level 2 in Ice Magic
 14958 | Lair:4   | Found a hole to the Spider Nest.
 14989 | Lair:4   | Reached skill level 2 in Evocations
 15088 | Lair:4   | Reached skill level 3 in Ice Magic
 15215 | Lair:4   | HP: 17/69 [poisoned by a cane toad]
 15217 | Lair:4   | HP: 8/69 [poisoned by a cane toad]
 15220 | Lair:4   | HP: 2/69 [poisoned by a cane toad]
 15827 | D:11     | Reached ***** piety under the Shining One
 15833 | D:11     | Reached skill level 9 in Invocations
 15880 | D:11     | Reached skill level 4 in Ice Magic
 15906 | D:11     | HP: 15/69 [gargoyle/stone arrow (15)]
 16017 | D:11     | magus.rc [v1.9.6]
 16211 | Lair:4   | Found a staircase to the Shoals.
 16380 | Lair:4   | Reached skill level 3 in Evocations
 16698 | Lair:4   | Reached skill level 5 in Ice Magic
 17563 | Lair:4   | Reached XP level 14. HP: 36/74 MP: 26/26
 17724 | Lair:5   | Reached skill level 6 in Ice Magic
 17766 | Lair:5   | Reached skill level 4 in Evocations
 17781 | Lair:4   | Reached skill level 8 in Dodging
 18145 | Lair:5   | Found a sparkling altar of Nemelex Xobeh.
 19103 | Lair:6   | Entered Level 6 of the Lair of Beasts
 19103 | Lair:6   | Found a staircase to the Slime Pits.
 19627 | Lair:6   | You pick up a book of Armaments and begin reading...
 19627 | Lair:6   | You add the spells Stone Arrow, Animate Armour and
                  | Lehudib's Crystal Spear to your library.
 19720 | Lair:6   | Reached skill level 8 in Spellcasting
 19771 | Lair:6   | Reached skill level 10 in Invocations
 19776 | Lair:6   | Reached skill level 8 in Conjurations
 19913 | Lair:6   | Reached skill level 5 in Evocations
 20051 | Lair:6   | Found a runed translucent door.
 20781 | Lair:6   | Reached skill level 1 in Translocations
 20854 | Lair:6   | HP: 17/74 [polar bear (5)]
 20857 | Lair:6   | Reached skill level 2 in Translocations
 21141 | Lair:6   | Reached skill level 3 in Translocations
 21157 | Lair:6   | Reached skill level 9 in Spellcasting
 21332 | Lair:6   | Reached skill level 4 in Translocations
 21352 | Lair:6   | Reached XP level 15. HP: 78/78 MP: 29/29
 21364 | Lair:6   | Identified the +1 war axe "Yvvixtish" {drain, rF+}
 21722 | Lair:6   | Paralysed by a hornet for 3 turns
 22153 | Lair:6   | Reached skill level 5 in Translocations
 22473 | D:12     | Noticed Psyche
 22606 | D:12     | Identified a +1 robe of the Archmagi
 22606 | D:12     | Noticed Jorgrun
 22614 | D:12     | Killed Jorgrun
 22634 | D:12     | You pick up a book of Blood and begin reading...
 22634 | D:12     | You add the spells Sublimation of Blood, Wereblood and
                  | Summon Hydra to your library.
 22642 | D:12     | Killed Psyche
 22674 | D:12     | Reached skill level 6 in Translocations
 22923 | D:12     | Noticed Gastronok
 22932 | D:12     | Killed Gastronok
 23228 | D:12     | Learned a level 5 spell: Lightning Bolt
 23326 | D:13     | Noticed Erolcha
 23330 | D:13     | Killed Erolcha
 23342 | D:13     | Found a gate leading to a gauntlet.
 23347 | Gauntlet | Entered a Gauntlet
 23347 | Gauntlet | Found a transporter.
 23347 | Gauntlet | Found a transporter.
 23353 | Gauntlet | Found a transporter.
 23353 | Gauntlet | Found a transporter.
 23360 | Gauntlet | Found a transporter.
 23404 | Gauntlet | Found a transporter.
 23419 | Gauntlet | Found a transporter.
 23435 | Gauntlet | Found a transporter.
 23447 | Gauntlet | Found a transporter.
 23470 | Gauntlet | Found a transporter.
 23563 | Gauntlet | Found a transporter.
 23564 | Gauntlet | Found a transporter.
 23568 | Gauntlet | Found a transporter.
 23570 | Gauntlet | Found a transporter.
 23615 | Gauntlet | Noticed a storm dragon
 23615 | Gauntlet | a tyrant leech changed into a storm dragon
 23618 | Gauntlet | Noticed an emperor scorpion
 23618 | Gauntlet | a storm dragon changed into an emperor scorpion
 23622 | Gauntlet | an emperor scorpion changed into a dire elephant
 23651 | Gauntlet | Found a transporter.
 23667 | Gauntlet | Found a transporter.
 23860 | Gauntlet | Reached skill level 10 in Spellcasting
 23928 | Gauntlet | Noticed an azure jelly
 23928 | Gauntlet | an azure jelly changed into an iron troll
 23954 | Gauntlet | Identified the amulet of Kibleofu {Spirit Fly rElec}
 23989 | Gauntlet | Identified the amulet of the Messenger {Spirit -Cast rElec
                  | rC+ Str+2 Dex+3}
 23993 | Gauntlet | You pick up a book of Beasts and begin reading...
 23993 | Gauntlet | You add the spells Summon Mana Viper and Monstrous
                  | Menagerie to your library.
 24064 | Gauntlet | Identified the +12 flail of Grontol {vorpal, rF++ rC-}
 24075 | Gauntlet | Reached skill level 9 in Fighting
 24163 | Gauntlet | You add the spells Olgreb's Toxic Radiance, Ozocubu's
                  | Refrigeration and Ignition to your library.
 24163 | Gauntlet | You add the spells Frozen Ramparts and Disjunction to your
                  | library.
 24163 | Gauntlet | Got the Almanac of Dislocated Ice
 24176 | D:13     | Reached skill level 9 in Air Magic
 24802 | D:13     | Found a sparkling altar of Nemelex Xobeh.
 25489 | D:10     | Found a staircase to the Orcish Mines.
 25512 | Orc:1    | Entered Level 1 of the Orcish Mines
 25775 | Orc:2    | Entered Level 2 of the Orcish Mines
 25775 | Orc:2    | Found Ammeu's General Store.
 26277 | Orc:1    | Reached skill level 11 in Spellcasting
 26295 | Orc:1    | Learned a level 2 spell: Wereblood
 26339 | Orc:1    | HP: 19/80 [orc warrior[an orc knight] (8)]
 26632 | Orc:1    | Reached skill level 1 in Transmutations
 26642 | Orc:1    | Reached skill level 10 in Air Magic
 27156 | Orc:2    | Reached skill level 2 in Transmutations
 27168 | Orc:2    | Noticed an orc warlord
 27180 | Orc:2    | Killed an orc warlord
 27181 | Orc:2    | Reached XP level 16. HP: 82/84 MP: 32/32
 27238 | Orc:2    | Found Apefaedgh's Antique Armour Shop.
 27250 | Orc:2    | Reached skill level 3 in Transmutations
 27266 | Orc:2    | Found Kiherchi's Antique Weapon Emporium.
 27504 | Orc:2    | Bought a scroll of blinking for 112 gold pieces
 27567 | Orc:2    | Found Izytwi Tefu's Antique Armour Emporium.
 27570 | Orc:2    | Bought an obsidian-encrusted ring mail for 225 gold pieces
 27570 | Orc:2    | Identified the +3 ring mail "Sodoetuf" {Rampage +Blink
                  | Int+7 Dex-2} (You bought it in a shop on level 2 of the
                  | Orcish Mines)
 27774 | Orc:2    | Found Tivves's Jewellery Shoppe.
 27952 | Orc:2    | Found a staircase to the Elven Halls.
 28475 | D:14     | Reached skill level 4 in Transmutations
 28490 | D:14     | Reached skill level 6 in Evocations
 28648 | D:14     | Found a gate to the Vaults.
 28824 | D:14     | Reached skill level 5 in Transmutations
 28960 | D:15     | Entered Level 15 of the Dungeon
 29182 | D:15     | Found a staircase to the Depths.
 29207 | D:15     | Reached skill level 7 in Evocations
 29225 | D:15     | Reached skill level 6 in Transmutations
 29319 | D:15     | Found a large runed translucent door.
 29320 | D:15     | Found a large runed translucent door.
 29321 | D:15     | Noticed Uwkoecio's ghost (journeyman HOFi)
 29342 | D:15     | Killed Uwkoecio's ghost
 29412 | D:15     | HP: 21/84 [poisoned by a meliai]
 29414 | D:15     | HP: 9/84 [poisoned by a meliai]
 29417 | D:15     | HP: 4/84 [poisoned by a meliai]
 29422 | D:15     | HP: 4/84 [poisoned by a meliai]
 30134 | D:15     | magus.rc [v1.9.6]
 30140 | D:15     | Learned a level 4 spell: Summon Lightning Spire
 30880 | Spider:1 | Entered Level 1 of the Spider Nest
 30894 | Spider:1 | HP: 20/84 [poisoned by a wolf spider]
 30902 | Spider:1 | HP: 20/84 [jumping spider (2)]
 30972 | Spider:1 | You pick up a book of Alchemy and begin reading...
 30972 | Spider:1 | You add the spells Petrify and Irradiate to your library.
 31000 | Spider:1 | HP: 15/84 [spark wasp (11)]
 31003 | Spider:1 | HP: 6/84 [spark wasp (12)]
 31003 | Spider:1 | Mangled by a spark wasp

Vanquished Creatures
  A fire dragon (D:15)
  Harold (Lair:2)
  Fannar (D:11)
  3 catoblepae
  6 hydras
  An ogre mage (D:15)
  A boulder beetle (Lair:2)
  8 two-headed ogres
  7 centaur warriors
  A death scarab (Gauntlet)
  4 death yaks (Lair:6)
  3 orc high priests
  2 glowing orange brains (Gauntlet)
  A wizard (D:14)
  5 orc knights
  2 lindwurms (Lair:6)
  2 manticores
  3 deep elf pyromancers
  3 cyclopes
  4 orc sorcerers
  5 elephants
  7 ugly things
  2 merfolk sirens (Lair:4)
  6 black mambas
  3 gargoyles
  5 torpor snails (Lair:6)
  18 cane toads
  Maggie (D:6)
  11 komodo dragons
  A rime drake (Lair:2)
  A kobold demonologist (D:10)
  A komodo dragon (shapeshifter) (D:14)
  A yaktaur (shapeshifter) (D:13)
  3 yaktaurs (D:15)
  A tengu conjurer (D:10)
  5 trolls
  12 polar bears
  2 merfolk (Lair:4)
  2 meliai (D:15)
  5 tyrant leeches (Lair:6)
  A wolf spider simulacrum (D:14)
  7 blink frogs
  8 hornets
  3 tarantellas (Spider:1)
  A raiju (Lair:6)
  A spectral dream sheep (Gauntlet)
  3 slime creatures (D:11)
  A jumping spider (Spider:1)
  4 shadows (Gauntlet)
  Sigmund (D:6)
  A vampire (D:9)
  4 wraiths
  54 yaks
  4 fire bats (D:11)
  10 basilisks
  A culicivora (Spider:1)
  5 wyverns
  A fire elemental (D:14)
  A vampire mosquito (D:10)
  A steam dragon (D:6)
  Edmund (D:4)
  6 wargs
  4 swamp worms (Lair:6)
  2 acid dragons
  Duvessa (D:3)
  18 water moccasins
  17 hell hounds
  22 orc warriors
  Pargi (Sewer)
  A hornet zombie (D:8)
  A necrophage (D:5)
  3 ice beasts
  13 black bears
  A sky beast (D:6)
  10 ogres
  9 centaurs
  27 wolves
  2 kobold brigands
  15 bullfrogs
  4 gnoll sergeants (D:6)
  9 scorpions
  2 wyvern skeletons
  Dowan (D:3)
  A water moccasin skeleton (D:4)
  15 killer bees
  8 wights (D:7)
  8 howler monkeys
  A bullfrog zombie (D:7)
  A centaur skeleton (D:6)
  3 jellies
  3 centaur zombies
  17 orc priests
  10 hounds
  A bullfrog skeleton (D:5)
  A gnoll shaman (D:6)
  3 iguanas (D:5)
  32 orc wizards
  A scorpion zombie (D:5)
  6 hell rats (Lair:2)
  A killer bee zombie (D:7)
  A hound skeleton (D:4)
  2 howler monkey zombies
  A howler monkey skeleton (D:4)
  28 gnolls
  7 adders
  4 river rats (D:8)
  2 white imps
  2 ufetubi
  3 worms
  2 dart slugs
  83 orcs
  11 ball pythons
  4 bats
  5 endoplasms
  5 giant cockroaches
  5 goblins
  4 hobgoblins
  3 jackals
  12 kobolds
  4 quokkas
  A quokka skeleton (D:4)
  24 rats
  A butterfly (Lair:4)
  2 fire vortices (D:11)
761 creatures vanquished.

Vanquished Creatures (collateral kills)
  Jorgrun (D:12)
  Gastronok (D:12)
  The ghost of Uwkoecio the Severer, a journeyman HOFi of Okawaru (D:15)
  An orc warlord (Orc:2)
  A minotaur (Gauntlet)
  Erolcha (D:13)
  A boulder beetle (D:14)
  A centaur warrior (D:13)
  2 orc high priests (Orc:2)
  A death knight (D:13)
  2 tengu warriors (D:14)
  4 skeletal warriors
  2 phantasmal warriors
  A sphinx zombie (D:15)
  A harpy (shapeshifter) (D:14)
  A tengu zombie (D:15)
  An orc knight (Orc:2)
  A deep elf pyromancer (D:12)
  A necromancer (D:15)
  A frost giant zombie (D:15)
  A cyclops (D:15)
  A fire giant skeleton (D:15)
  A cyclops (shapeshifter) (D:14)
  Psyche (D:12)
  A freezing wraith (D:13)
  A meliai (D:15)
  A culicivora (Spider:1)
  2 wraiths
  A basilisk (D:14)
  A warg (Orc:2)
  7 orc warriors
  An ogre (Orc:2)
  2 centaurs (D:13)
  A lava snake (D:14)
  An orc priest (D:12)
  An orc wizard (D:12)
  5 orcs (D:12)
55 creatures vanquished.

Vanquished Creatures (others)
  An orc high priest (Orc:2)
  A yak (D:9)
  A water moccasin (Lair:4)
  An orc priest (Orc:2)
  A gnoll (D:6)
  2 orcs
  2 butterflies (Lair:4)
  17 demonic plants (Gauntlet)
  2 fire vortices
  65 fungi
  101 plants
  4 withered plants (D:15)
198 creatures vanquished.

Grand Total: 1014 creatures vanquished

Table legend:
 A = Non-vault XP
 B = Vault XP
 C = Vault XP percentage of total XP
 D = Non-vault monster count
 E = Vault monster count
 F = Vault count percentage of total count
                 A         B        C        D         E       F
            +---------+---------+-------+---------+---------+-------
      Total |  104261 |   55096 |  34.6 |     544 |     271 |  33.3
            +---------+---------+-------+---------+---------+-------
        D:1 |      41 |       0 |   0.0 |      22 |       0 |   0.0
        D:2 |       1 |       0 |   0.0 |       1 |       0 |   0.0
        D:3 |     113 |     244 |  68.3 |      21 |       9 |  30.0
        D:4 |     416 |     169 |  28.9 |      24 |       1 |   4.0
        D:5 |    1056 |       0 |   0.0 |      24 |       0 |   0.0
        D:6 |     625 |    2911 |  82.3 |      12 |      48 |  80.0
        D:7 |    1400 |       0 |   0.0 |      25 |       0 |   0.0
        D:8 |    3713 |     389 |   9.5 |      27 |      25 |  48.1
        D:9 |    2119 |       0 |   0.0 |      22 |       0 |   0.0
       D:10 |    4330 |    2090 |  32.6 |      20 |      37 |  64.9
       D:11 |    5371 |    1818 |  25.3 |      19 |       6 |  24.0
       D:12 |    2810 |    3681 |  56.7 |      17 |       3 |  15.0
       D:13 |   11301 |     867 |   7.1 |      21 |       1 |   4.5
       D:14 |   10417 |    1494 |  12.5 |      19 |       3 |  13.6
       D:15 |    7035 |    6460 |  47.9 |      23 |       9 |  28.1
     Lair:1 |    6073 |       0 |   0.0 |      26 |       0 |   0.0
     Lair:2 |    6204 |     886 |  12.5 |      27 |       1 |   3.6
     Lair:3 |    2907 |       0 |   0.0 |      12 |       0 |   0.0
     Lair:4 |   11033 |    1902 |  14.7 |      37 |      12 |  24.5
     Lair:5 |    5743 |       0 |   0.0 |      23 |       0 |   0.0
     Lair:6 |   12583 |   17056 |  57.5 |      43 |      77 |  64.2
   Spider:1 |    1484 |       0 |   0.0 |       6 |       0 |   0.0
      Orc:1 |    4817 |    3884 |  44.6 |      59 |      11 |  15.7
      Orc:2 |    2669 |    6165 |  69.8 |      14 |      16 |  53.3
      Sewer |       0 |     134 | 100.0 |       0 |       2 | 100.0
   Gauntlet |       0 |    4946 | 100.0 |       0 |      10 | 100.0
            +---------+---------+-------+---------+---------+-------

Illustrated notes

Table legend:
 A = Kills in this place as a percentage of kills in entire the game.
 B = Kills by you in this place as a percentage of kills by you in the entire game.
 C = Kills by friends in this place as a percentage of kills by friends in the entire game.
 D = Other kills in this place as a percentage of other kills in the entire game.
 E = Experience gained in this place as a percentage of experience gained in the entire game.
 F = Experience gained in this place divided by the number of levels of this place that you have seen.
                   A       B       C       D       E      F
               +-------+-------+-------+-------+-------+----------------------
         Total | 100.0 | 100.0 | 100.0 | 100.0 | 100.0 | 5902.1
       Dungeon |  53.9 |  52.4 |  74.5 |  50.0 |  44.5 | 4724.7
          Lair |  31.7 |  34.0 |   0.0 |   0.0 |  40.4 | 10731.2
   Spider Nest |   0.7 |   0.7 |   1.8 |   0.0 |   0.9 | 1484.0
  Orcish Mines |  12.3 |  11.5 |  21.8 |  50.0 |  11.0 | 8767.5
         Sewer |   0.2 |   0.3 |   0.0 |   0.0 |   0.1 | 134.0
      Gauntlet |   1.2 |   1.2 |   1.8 |   0.0 |   3.1 | 4946.0
               +-------+-------+-------+-------+-------+----------------------

Table legend: (Time is in decaauts)
 A = Elapsed time spent in this place.
 B = Non-inter-level travel time spent in this place.
 C = Inter-level travel time spent in this place.
 D = Time resting spent in this place.
 E = Time spent auto-exploring this place.
 F = Levels seen in this place.
 G = Mean time per level.
                   A        B        C        D        E       F      G
               +--------+--------+--------+--------+--------+-----+--------+
         Total |  31670 |  29194 |   2476 |   3386 |  11083 |  27 | 1173.0 |
       Dungeon |  16743 |  15171 |   1572 |   1336 |   6215 |  15 | 1116.2 |
        Temple |    169 |    120 |     49 |      0 |    102 |   1 |  169.0 |
          Lair |  10928 |  10204 |    724 |   1666 |   3919 |   6 | 1821.3 |
   Spider Nest |    122 |    122 |      0 |      0 |      0 |   1 |  122.0 |
  Orcish Mines |   2633 |   2504 |    129 |    255 |    770 |   2 | 1316.5 |
         Sewer |    246 |    246 |      0 |     72 |     76 |   1 |  246.0 |
      Gauntlet |    827 |    827 |      0 |     57 |      0 |   1 |  827.0 |
               +--------+--------+--------+--------+--------+-----+--------+

Top non-repeatable levels by time:
  Lair:6: 3143 daAuts
     D:6: 2138 daAuts
  Lair:4: 2087 daAuts
  Lair:5: 1668 daAuts
    D:10: 1656 daAuts
    D:11: 1635 daAuts
   Orc:1: 1437 daAuts
  Lair:2: 1365 daAuts
  Lair:3: 1364 daAuts
  Lair:1: 1299 daAuts
     D:1: 1284 daAuts
    D:15: 1246 daAuts
     D:8: 1219 daAuts
   Orc:2: 1195 daAuts
     D:5: 1119 daAuts
